BR
RANCHO CUCAMONGA SICK MONKEYS @ WATERTOWN HEADHUNTERS
08/24/2026
 
TOP OF THE 1ST
Rancho Cucamonga Sick Monkeys batting - Pitching for Watertown Headhunters : RHP Wyatt Anderson
Pitching: RHP Wyatt Anderson
Batting: LHB Amaro Chucha 0-0: Called Strike
0-1: Ball
1-1: Foul Ball, location: 2F
1-2: Ball
2-2: Ball
3-2: Strikes out swinging
Batting: RHB Jorge Flores 0-0: Called Strike
0-1: Swinging Strike
0-2: Ball
1-2: Fly out, F8 (Flyball, 8LD)
Batting: LHB Gabriel Aragón 0-0: Ball
1-0: Ball
2-0: Ball
3-0: Base on Balls
Batting: SHB Jaime Martínez 0-0: Ball
1-0: Ball
2-0: SINGLE (Groundball, 34D)
Gabriel Aragón to second
Runner from 2nd tries for 3rd, SAFE, throw made to third
Jaime Martínez to second
Batting: RHB Roger Rush 0-0: Foul Ball, location: 2F
0-1: Ball
1-1: Ball
2-1: Ball
3-1: TRIPLE (Flyball, 78D)
Gabriel Aragón scores
Jaime Martínez scores
Batting: RHB Keith Sheehan 0-0: Ball
1-0: Ball
2-0: 2-RUN HOME RUN (Flyball, 7D), Distance : 416 ft
Batting: RHB Dan McKay 0-0: Ground out 6-3 (Groundball, 6)
Top of the 1st over - 4 run(s), 3 hit(s), 0 error(s), 0 left on base; Rancho Cucamonga 4 - Watertown 0
BOTTOM OF THE 1ST
Watertown Headhunters batting - Pitching for Rancho Cucamonga Sick Monkeys : RHP Freddy Morales
Pitching: RHP Freddy Morales
Batting: RHB Norberto Márquez 0-0: Called Strike
0-1: Ball
1-1: Ground out 6-3 (Groundball, 6M)
Batting: RHB Daniel Martínez 0-0: Foul Ball, location: 2F
0-1: SINGLE (Flyball, 89S)
Batting: LHB Robin Jamieson 0-0: Called Strike
0-1: Ball
1-1: SINGLE (Line Drive, 34)
Daniel Martínez to second
Runner from 2nd tries for 3rd, SAFE, throw made to third
Batting: RHB Luis Montoya 0-0: Fly out, F2 (Popup, 2LF)
Batting: LHB Wally Harris 0-0: Ball
1-0: Fly out, F5 (Line Drive, 5)
Bottom of the 1st over - 0 run(s), 2 hit(s), 0 error(s), 2 left on base; Rancho Cucamonga 4 - Watertown 0
TOP OF THE 2ND
Rancho Cucamonga Sick Monkeys batting - Pitching for Watertown Headhunters : RHP Wyatt Anderson
Batting: RHB Tony Long 0-0: Ball
1-0: DOUBLE (Line Drive, 5L)
Batting: LHB Carl Hayden 0-0: Ball
1-0: Swinging Strike
1-1: Swinging Strike
1-2: Strikes out swinging
Batting: LHB Amaro Chucha 0-0: Ball
1-0: Called Strike
1-1: Swinging Strike
1-2: Hit by Pitch
Batting: RHB Jorge Flores 0-0: Foul Ball, location: 2F
0-1: SINGLE (Line Drive, 56D)
Tony Long to third
Amaro Chucha to second
Runner from 3rd tries for Home, SAFE, throw made home
Amaro Chucha to third
Jorge Flores to second
Batting: LHB Gabriel Aragón 0-0: Called Strike
0-1: Called Strike
0-2: Ball
1-2: Strikes out looking
Batting: SHB Jaime Martínez 0-0: Swinging Strike
0-1: Called Strike
0-2: Ball
1-2: Strikes out swinging
Top of the 2nd over - 1 run(s), 2 hit(s), 0 error(s), 2 left on base; Rancho Cucamonga 5 - Watertown 0
BOTTOM OF THE 2ND
Watertown Headhunters batting - Pitching for Rancho Cucamonga Sick Monkeys : RHP Freddy Morales
Batting: LHB Burt Ward 0-0: Called Strike
0-1: Ball
1-1: SINGLE (Groundball, 4MD)
Batting: RHB José Maldonado 0-0: Ball
1-0: DOUBLE (Groundball, 3L)
Burt Ward to third
Runner from 3rd tries for Home, SAFE, no throw or cutoff
Batting: RHB Andrew Deal 0-0: Called Strike
0-1: Foul Ball, location: 2F
0-2: Ball
1-2: Strikes out looking
Batting: RHB Joe Salas 0-0: Ground out 5-3 (Groundball, 5L)
Batting: RHB Norberto Márquez 0-0: Ball
Passed Ball!
José Maldonado to third
1-0: Ball
2-0: SINGLE (Line Drive, 78M)
José Maldonado scores
Batting: RHB Daniel Martínez 0-0: Ball
1-0: Called Strike
1-1: Ball
2-1: Ball
3-1: Foul Ball, location: 2F
3-2: Fly out, F7 (Flyball, 7M)
Bottom of the 2nd over - 2 run(s), 3 hit(s), 0 error(s), 1 left on base; Rancho Cucamonga 5 - Watertown 2
TOP OF THE 3RD
Rancho Cucamonga Sick Monkeys batting - Pitching for Watertown Headhunters : RHP Wyatt Anderson
Batting: RHB Roger Rush 0-0: Called Strike
0-1: Ground out 5-3 (Groundball, 56)
Batting: RHB Keith Sheehan 0-0: Ball
1-0: Ball
2-0: Called Strike
2-1: Called Strike
2-2: Ball
3-2: Fly out, F8 (Line Drive, 8LM)
Batting: RHB Dan McKay 0-0: Fly out, F8 (Flyball, 8LM)
Top of the 3rd over - 0 run(s), 0 hit(s), 0 error(s), 0 left on base; Rancho Cucamonga 5 - Watertown 2
BOTTOM OF THE 3RD
Watertown Headhunters batting - Pitching for Rancho Cucamonga Sick Monkeys : RHP Freddy Morales
Batting: LHB Robin Jamieson 0-0: Called Strike
0-1: Ball
1-1: Foul Ball, location: 2F
1-2: Ball
2-2: Strikes out swinging
Batting: RHB Luis Montoya 0-0: Swinging Strike
0-1: Foul Ball, location: 2F
0-2: Fly out, F9 (Flyball, 89S)
Batting: LHB Wally Harris 0-0: Ball
1-0: Called Strike
1-1: Ball
2-1: Foul Ball, location: 2F
2-2: Foul Ball, location: 2F
2-2: Ball
3-2: Strikes out swinging
Bottom of the 3rd over - 0 run(s), 0 hit(s), 0 error(s), 0 left on base; Rancho Cucamonga 5 - Watertown 2
TOP OF THE 4TH
Rancho Cucamonga Sick Monkeys batting - Pitching for Watertown Headhunters : RHP Wyatt Anderson
Batting: RHB Tony Long 0-0: Ball
1-0: Foul Ball, location: 2F
1-1: Ball
2-1: SINGLE (Line Drive, 8LS)
Batting: LHB Carl Hayden 0-0: Called Strike
0-1: Ball
1-1: Foul Ball, location: 2F
1-2: Fly out, F6 (Line Drive, 6)
Batting: LHB Amaro Chucha 0-0: Called Strike
0-1: Ball
1-1: Ball
2-1: Foul Ball, location: 2F
2-2: SINGLE (Groundball, 4M)
Tony Long to second
Batting: RHB Jorge Flores 0-0: Ground out U3 (Groundball, 3S)
Tony Long to third
Amaro Chucha to second
Batting: LHB Gabriel Aragón 0-0: Ball
1-0: Called Strike
1-1: Hit by Pitch
Batting: SHB Jaime Martínez 0-0: Ball
1-0: Fly out, F7 (Flyball, 7M)
Top of the 4th over - 0 run(s), 2 hit(s), 0 error(s), 3 left on base; Rancho Cucamonga 5 - Watertown 2
BOTTOM OF THE 4TH
Watertown Headhunters batting - Pitching for Rancho Cucamonga Sick Monkeys : RHP Freddy Morales
Batting: LHB Burt Ward 0-0: Foul Ball, location: 2F
0-1: SINGLE (Flyball, 8RS)
Batting: RHB José Maldonado 0-0: Foul Ball, location: 2F
0-1: Ball
Wild Pitch!
Burt Ward to second
1-1: DOUBLE (Line Drive, 5D)
Burt Ward scores
Batting: RHB Andrew Deal 0-0: Ball
1-0: Ball
2-0: Called Strike
2-1: Foul Ball, location: 2F
2-2: Ball
3-2: Strikes out swinging
Batting: RHB Joe Salas 0-0: Called Strike
0-1: Fly out, F7 (Flyball, 7S)
Batting: RHB Norberto Márquez 0-0: Called Strike
0-1: SINGLE (Flyball, 78S)
José Maldonado to third
Runner from 3rd tries for Home, SAFE, no throw or cutoff
Batting: RHB Daniel Martínez 0-0: Fly out, F9 (Flyball, 9M)
Bottom of the 4th over - 2 run(s), 3 hit(s), 0 error(s), 1 left on base; Rancho Cucamonga 5 - Watertown 4
TOP OF THE 5TH
Rancho Cucamonga Sick Monkeys batting - Pitching for Watertown Headhunters : RHP Wyatt Anderson
Batting: RHB Roger Rush 0-0: Ball
1-0: Foul Ball, location: 2F
1-1: Foul Ball, location: 2F
1-2: Foul Ball, location: 2F
1-2: Ball
2-2: Strikes out swinging
Pitching: RHP Gilberto Tolcunaga
Batting: RHB Keith Sheehan 0-0: Swinging Strike
0-1: Ball
1-1: Foul Ball, location: 2F
1-2: Ball
2-2: DOUBLE (Flyball, 7LD)
Batting: RHB Dan McKay 0-0: TRIPLE (Flyball, 9D)
Keith Sheehan scores
Batting: RHB Tony Long 0-0: Called Strike
0-1: Ball
1-1: Ball
2-1: Fly out, F8 (Flyball, 78M)
Runner from 3rd tags up, SCORES, no throw
Batting: LHB Carl Hayden 0-0: Fly out, F5 (Popup, 5F)
Top of the 5th over - 2 run(s), 2 hit(s), 0 error(s), 0 left on base; Rancho Cucamonga 7 - Watertown 4
BOTTOM OF THE 5TH
Watertown Headhunters batting - Pitching for Rancho Cucamonga Sick Monkeys : RHP Freddy Morales
Batting: LHB Robin Jamieson 0-0: Ball
1-0: Ball
2-0: Ball
3-0: Called Strike
3-1: Called Strike
3-2: Foul Ball, location: 2F
3-2: Base on Balls
Batting: RHB Luis Montoya 0-0: Foul Ball, location: 2F
0-1: Grounds into double play, 6-4-3 (Groundball, 6)
Batting: LHB Wally Harris 0-0: Foul Ball, location: 2F
0-1: DOUBLE (Line Drive, 7LS)
Batting: LHB Burt Ward 0-0: Called Strike
0-1: Ball
1-1: Foul Ball, location: 2F
1-2: Strikes out looking
Bottom of the 5th over - 0 run(s), 1 hit(s), 0 error(s), 1 left on base; Rancho Cucamonga 7 - Watertown 4
TOP OF THE 6TH
Rancho Cucamonga Sick Monkeys batting - Pitching for Watertown Headhunters : RHP Gilberto Tolcunaga
Batting: LHB Amaro Chucha 0-0: Called Strike
0-1: Foul Ball, location: 2F
0-2: SINGLE (Line Drive, 34D)
Batting: RHB Jorge Flores 0-0: Ball
1-0: Fielders Choice at 2nd, 1-6 (Groundball, 13)
Batting: LHB Gabriel Aragón 0-0: Foul Ball, location: 2F
0-1: Called Strike
Jorge Flores steals 2nd base
0-2: Ball
1-2: Foul Ball, location: 2F
1-2: Ball
2-2: SINGLE (Line Drive, 8LS)
Jorge Flores to third
Runner from 3rd tries for Home, SAFE, no throw or cutoff
Pitching: RHP Ricardo Gutiérrez
Batting: SHB Jaime Martínez 0-0: Fielders Choice at 2nd, 3-6 (Groundball, 3)
Batting: RHB Roger Rush 0-0: Called Strike
0-1: Swinging Strike
0-2: Ball
1-2: Fly out, F8 (Flyball, 78D)
Top of the 6th over - 1 run(s), 2 hit(s), 0 error(s), 1 left on base; Rancho Cucamonga 8 - Watertown 4
BOTTOM OF THE 6TH
Watertown Headhunters batting - Pitching for Rancho Cucamonga Sick Monkeys : RHP Freddy Morales
Batting: RHB José Maldonado 0-0: Fly out, F8 (Flyball, 8RM)
Batting: RHB Andrew Deal 0-0: Foul Ball, location: 2F
0-1: Fly out, F8 (Flyball, 8LM)
Batting: RHB Joe Salas 0-0: Ball
1-0: Ball
2-0: Called Strike
2-1: Ground out 6-3 (Groundball, 6)
Bottom of the 6th over - 0 run(s), 0 hit(s), 0 error(s), 0 left on base; Rancho Cucamonga 8 - Watertown 4
TOP OF THE 7TH
Rancho Cucamonga Sick Monkeys batting - Pitching for Watertown Headhunters : RHP Ricardo Gutiérrez
Batting: RHB Keith Sheehan 0-0: SINGLE (Line Drive, 9S)
Batting: RHB Dan McKay 0-0: Foul Ball, location: 2F
0-1: Foul Ball, location: 2F
0-2: Ball
1-2: Foul Ball, location: 2F
1-2: Ball
2-2: Ball
3-2: Strikes out swinging
Batting: RHB Tony Long 0-0: Ball
1-0: Called Strike
1-1: Called Strike
1-2: Foul Ball, location: 2F
1-2: Ball
2-2: Ball
3-2: Base on Balls
Keith Sheehan to second
Batting: LHB Carl Hayden 0-0: Foul Ball, location: 2F
0-1: Ball
1-1: Grounds into double play, 6-4-3 (Groundball, 6)
Top of the 7th over - 0 run(s), 1 hit(s), 0 error(s), 1 left on base; Rancho Cucamonga 8 - Watertown 4
BOTTOM OF THE 7TH
Watertown Headhunters batting - Pitching for Rancho Cucamonga Sick Monkeys : RHP Freddy Morales
Pitching: RHP Ben Larsen
Batting: RHB Norberto Márquez 0-0: Ground out 1-3 (Groundball, 25)
Batting: RHB Daniel Martínez 0-0: Ball
1-0: Foul Ball, location: 2F
1-1: Ball
2-1: SINGLE (Popup, 56D)
Batting: LHB Robin Jamieson 0-0: Foul Ball, location: 2F
0-1: Fly out, F5 (Popup, 5)
Batting: RHB Luis Montoya 0-0: Ball
1-0: Ball
2-0: Ball
3-0: Base on Balls
Daniel Martínez to second
Batting: LHB Wally Harris 0-0: Fly out, F6 (Popup, 56D)
Bottom of the 7th over - 0 run(s), 1 hit(s), 0 error(s), 2 left on base; Rancho Cucamonga 8 - Watertown 4
TOP OF THE 8TH
Rancho Cucamonga Sick Monkeys batting - Pitching for Watertown Headhunters : RHP Ricardo Gutiérrez
Batting: LHB Amaro Chucha 0-0: Ball
1-0: Swinging Strike
1-1: Foul Ball, location: 2F
1-2: Strikes out swinging
Pitching: RHP Bob Howe
Batting: RHB Jorge Flores 0-0: Foul Ball, location: 2F
0-1: Ball
1-1: Fly out, F2 (Popup, 2LF)
Batting: LHB Gabriel Aragón 0-0: Called Strike
0-1: Ball
1-1: Ground out 4-3 (Groundball, 34)
Top of the 8th over - 0 run(s), 0 hit(s), 0 error(s), 0 left on base; Rancho Cucamonga 8 - Watertown 4
BOTTOM OF THE 8TH
Watertown Headhunters batting - Pitching for Rancho Cucamonga Sick Monkeys : RHP Ben Larsen
Batting: LHB Burt Ward 0-0: Called Strike
0-1: Ball
1-1: Foul Ball, location: 2F
1-2: Ball
2-2: Strikes out looking
Batting: RHB José Maldonado 0-0: Ball
1-0: Swinging Strike
1-1: Reached on error, E4 (Groundball, 4)
Batting: RHB Andrew Deal 0-0: Fly out, F9 (Flyball, 89M)
Batting: RHB Joe Salas 0-0: Ball
1-0: Ball
2-0: Ball
3-0: Called Strike
3-1: Foul Ball, location: 2F
3-2: Base on Balls
Batting: RHB Norberto Márquez 0-0: Called Strike
0-1: Ball
1-1: Fly out, F8 (Flyball, 8LM)
Bottom of the 8th over - 0 run(s), 0 hit(s), 1 error(s), 2 left on base; Rancho Cucamonga 8 - Watertown 4
TOP OF THE 9TH
Rancho Cucamonga Sick Monkeys batting - Pitching for Watertown Headhunters : RHP Bob Howe
Batting: SHB Jaime Martínez 0-0: Foul Ball, location: 2F
0-1: SINGLE (Groundball, 6MD)
Batting: RHB Roger Rush 0-0: Fly out, F7 (Flyball, 78M)
Batting: RHB Keith Sheehan 0-0: Ball
1-0: Ball
2-0: Ball
3-0: Base on Balls
Jaime Martínez to second
Batting: RHB Dan McKay 0-0: Called Strike
0-1: Called Strike
Jaime Martínez steals 3rd base
Keith Sheehan to second
0-2: Ball
1-2: Strikes out looking
Batting: RHB Tony Long 0-0: Ball
1-0: Foul Ball, location: 2F
1-1: Foul Ball, location: 2F
1-2: Ball
2-2: Ball
3-2: Ground out 5-3 (Groundball, 5S)
Top of the 9th over - 0 run(s), 1 hit(s), 0 error(s), 2 left on base; Rancho Cucamonga 8 - Watertown 4
BOTTOM OF THE 9TH
Watertown Headhunters batting - Pitching for Rancho Cucamonga Sick Monkeys : RHP Ben Larsen
Batting: RHB Daniel Martínez 0-0: SOLO HOME RUN (Flyball, 7D), Distance : 394 ft
Pitching: LHP Armando Alvarado
Batting: LHB Robin Jamieson 0-0: SINGLE (Groundball, 4MD)
Batting: RHB Luis Montoya 0-0: Ball
1-0: Foul Ball, location: 2F
1-1: Called Strike
1-2: Strikes out looking
Batting: LHB Wally Harris 0-0: Called Strike
0-1: Foul Ball, location: 2F
0-2: Strikes out swinging
Batting: LHB Burt Ward 0-0: Called Strike
0-1: Called Strike
0-2: Strikes out swinging
Bottom of the 9th over - 1 run(s), 2 hit(s), 0 error(s), 1 left on base; Rancho Cucamonga 8 - Watertown 5
Monday, December 5th, 2016 - OOTP Baseball 17.12 Build 75